 Dungeon Crawl Stone Soup version 0.31-a0-210-gccc998df9b (webtiles) character file.

Game seed: 1448818234918777695

526 qw the Chopper (level 7, -3/43 HPs)
             Began as a Gargoyle Fighter on June 29, 2023.
             Slain by an orc wizard
             ... wielding a +0 spear
              (4 damage)
             ... on level 4 of the Dungeon.
             The game lasted 00:01:34 (2180 turns).

qw the Chopper (Gargoyle Fighter)                   Turns: 2180, Time: 00:01:34

Health: -3/43      AC: 11    Str: 21    XL:     7   Next: 23%
Magic:  7/7        EV:  9    Int:  9    God:
Gold:   125        SH:  0    Dex:  9    Spells: 6/6 levels left

rFire   . . .        Y - +3 war axe
rCold   + + .        c - +0 buckler
rNeg    + . .        b - +0 scale mail
rPois   inf          (no helmet)
rElec   +            (no cloak)
rCorr   .            (no gloves)
SInv    .            (no boots)
Will    .....        p - amulet of reflection Stlth
                     e - ring of protection from cold
HPRegen 0.27/turn    h - ring of protection from cold
MPRegen 0.10/turn

%: reflection
@: confused
A: sickness immunity, AC +4, negative energy resistance 1, electricity
resistance, torment resistance 1, petrification resistance
a: no special abilities


You were on level 4 of the Dungeon.
You visited 1 branch of the dungeon, and saw 4 of its levels.

You collected 125 gold pieces.


Innate Abilities, Weirdness & Mutations

You are immune to sickness and miasma.
Your stone body is resilient. (AC +4)
You are immune to poison.
You resist negative energy. (rN+)
You are resistant to electric shocks. (rElec)
You are resistant to unholy torment.
You are immune to petrification.


   Skills:
 - Level 4.3 Fighting
 + Level 6.0 Axes
 - Level 1.0 Throwing
 - Level 3.2 Armour
 - Level 1.7 Dodging
 - Level 3.2 Shields


You had 6 spell levels left.
You didn't know any spells.
Your spell library was empty.

Inventory:

Hand Weapons
 i - a +0 whip
 Y - a +3 war axe (weapon)
Missiles
 g - 2 boomerangs (quivered)
 r - 2 javelins
Armour
 b - a +0 scale mail (worn)
 c - a +0 buckler (worn)
 n - a +2 robe of cold resistance
Jewellery
 e - a ring of protection from cold (left hand)
 h - a ring of protection from cold (right hand)
 p - an amulet of reflection (around neck)
Wands
 s - a wand of digging (1)
Scrolls
 q - a scroll of teleportation
Potions
 a - a potion of curing {unknown}
 d - a potion of might
 f - a potion of enlightenment
 j - a potion of cancellation {unknown}
 k - a potion of lignification {unknown}
 l - a potion of attraction {unknown}
 o - a potion of degeneration {unknown}

Dungeon Overview and Level Annotations

Branches:
Dungeon (4/15)
 Temple: D:4-7

Altars:
Gozag
Kikubaaqudgha
Sif Muna
Zin

Shops:
D:2 (

Annotations:
D:3 3 runed translucent doors, qw's ghost, amateur GrHs


Message History

Your Axes skill increases to level 6!
You barely miss the gnoll.
The gnoll is moderately wounded.
You block the gnoll's attack. You block something's attack.
You slash the gnoll!
You kill the gnoll!
A magic dart appears from out of thin air!
The magic dart hits you. Something hits you but does no damage.
You swing at nothing.
Something hits you but does no damage.
You swing at nothing.
Something hits you but does no damage.
You swing at nothing.
Something hits you but does no damage.
You swing at nothing.
Something hits you.
You swing at nothing.
Something hits you but does no damage. x2
You swing at nothing.
Something hits you but does no damage.
You swing at nothing.
Something hits you.
You swing at nothing.
A magic dart appears from out of thin air!
The magic dart hits you.
You swing at nothing.
Something hits you but does no damage. x2
You swing at nothing.
Something hits you but does no damage.
You swing at nothing.
Something hits you.
You swing at nothing.
Something hits you but does no damage.
You swing at nothing.
You hear some strange, mumbled words.
You are confused.
Something hits you but does no damage.
You closely miss something. Something hits you. x2
You die...

#.....%..#..#.........###....###
.........#.###................
...........###......#.........#
............##......#.#>.......
.............#......#.###.
.............#......# #
....................#..#
.................)....).
...............)@.#
..............)).{##..
.......................
.######............##.. #
###................
#...............###
.......#.........##
.......#.!.....##...
.....#####.....# [...


There were no monsters in sight!

Vanquished Creatures
  A black bear (D:4)
  An ogre (D:3)
  A scorpion (D:4)
  A hound (D:4)
  Ijyb (D:3)
  2 iguanas
  An orc wizard (D:4)
  3 gnolls (D:4)
  3 adders
  3 worms
  3 orcs
  4 ball pythons
  5 endoplasms
  9 giant cockroaches
  12 goblins
  10 hobgoblins
  4 quokkas
  7 bats
  7 frilled lizards
  12 kobolds
  7 rats
97 creatures vanquished.

Notes
Turn   | Place    | Note
-------+----------+-------------------------------------------
     0 | D:1      | qw the Gargoyle Fighter began the quest for the Orb.
     0 | D:1      | Reached XP level 1. HP: 14/14 MP: 1/1
     0 | D:1      | 0 ||| qw: Version: 0.3-a-24-ga2abf7b
     0 | D:1      | 0 ||| qw: Game counter: 7021
     0 | D:1      | 0 ||| qw: Melee chars always use a shield: true
     0 | D:1      | 0 ||| qw: God list: Okawaru
     0 | D:1      | 0 ||| qw: Allow faded altars: false
     0 | D:1      | 0 ||| qw: Do Orc after clearing Dungeon:15 true
     0 | D:1      | 0 ||| qw: Do second Lair branch before Depths: true
     0 | D:1      | 0 ||| qw: Lair rune preference: random
     0 | D:1      | 0 ||| qw: Goals: Normal, Zot:1-4, Slime:5, God:TSO, Crypt,
                  | Tomb, Abyss, Pan, Hells, Win
     0 | D:1      | 0 ||| PLANNING D:1-11
    38 | D:1      | Reached skill level 2 in Axes
    82 | D:1      | Reached XP level 2. HP: 19/19 MP: 2/2
   107 | D:1      | 107 ||| Stepping ~*~*~tactically~*~*~ (hiding).
   115 | D:1      | 115 ||| Stepping ~*~*~tactically~*~*~ (hiding).
   151 | D:1      | 151 ||| Stepping ~*~*~tactically~*~*~ (hiding).
   182 | D:1      | 182 ||| DROPPING +0 club.
   183 | D:1      | 183 ||| Stepping ~*~*~tactically~*~*~ (hiding).
   305 | D:1      | Reached skill level 3 in Axes
   308 | D:1      | Reached XP level 3. HP: 23/23 MP: 3/3
   692 | D:1      | 692 ||| UPGRADING to ring of protection from cold.
   693 | D:1      | 693 ||| READING 2 scrolls labelled WIBUCYMIED.
   694 | D:1      | 694 ||| READING scroll of enchant weapon.
   694 | D:1      | 694 ||| ENCHANTING +1 war axe.
   695 | D:1      | 695 ||| READING scroll labelled WEREJO TEMEHIE.
   696 | D:1      | 696 ||| READING scroll labelled IPE YXKEQIGA.
   724 | D:2      | 724 ||| FLEEEEING.
   725 | D:2      | 725 ||| FLEEEEING.
   726 | D:2      | 726 ||| FLEEEEING.
   727 | D:2      | 727 ||| FLEEEEING.
   728 | D:2      | 728 ||| FLEEEEING.
   729 | D:2      | 729 ||| FLEEEEING.
   730 | D:2      | 730 ||| STAIRDANCE
   830 | D:2      | 830 ||| READING scroll of enchant weapon.
   830 | D:2      | 830 ||| ENCHANTING +2 war axe.
   905 | D:2      | 905 ||| Stepping ~*~*~tactically~*~*~ (stealth).
   915 | D:2      | 915 ||| Stepping ~*~*~tactically~*~*~ (stealth).
   930 | D:2      | Reached XP level 4. HP: 28/28 MP: 4/4
   972 | D:2      | 972 ||| Stepping ~*~*~tactically~*~*~ (stealth).
   982 | D:2      | 982 ||| Stepping ~*~*~tactically~*~*~ (stealth).
  1046 | D:2      | Reached skill level 4 in Axes
  1239 | D:2      | 1239 ||| Stepping ~*~*~tactically~*~*~ (stealth).
  1249 | D:2      | Found Sant's Antique Weapon Shoppe.
  1263 | D:2      | 1263 ||| SHOPLISTING scorched mace (144 gold, have 90).
  1342 | D:2      | 1342 ||| UPGRADING to ring of protection from cold.
  1343 | D:2      | 1343 ||| READING scroll labelled PEABEH YCWURUI.
  1348 | D:2      | 1348 ||| READING scroll labelled VIRIYD YROUNWY.
  1349 | D:2      | 1349 ||| READING scroll labelled BUSHUU KAISIAP.
  1405 | D:3      | Noticed an ogre
  1412 | D:3      | Killed an ogre
  1413 | D:3      | Reached skill level 5 in Axes
  1413 | D:3      | Reached XP level 5. HP: 21/32 MP: 5/5
  1474 | D:3      | Found a runed translucent gate.
  1474 | D:3      | Found a runed translucent gate.
  1481 | D:3      | Found a runed translucent gate.
  1517 | D:3      | Noticed Ijyb
  1526 | D:3      | Killed Ijyb
  1542 | D:3      | Found a faded altar of an unknown god.
  1590 | D:3      | Found a glowing silver altar of Zin.
  1605 | D:3      | 1605 ||| Stepping ~*~*~tactically~*~*~ (stealth).
  1607 | D:3      | 1607 ||| Stepping ~*~*~tactically~*~*~ (stealth).
  1622 | D:3      | Found a shimmering blue altar of Sif Muna.
  1715 | D:3      | 1715 ||| Stepping ~*~*~tactically~*~*~ (stealth).
  1738 | D:3      | 1738 ||| Stepping ~*~*~tactically~*~*~ (stealth).
  1764 | D:3      | Reached XP level 6. HP: 38/38 MP: 6/6
  1765 | D:3      | Found an ancient bone altar of Kikubaaqudgha.
  1783 | D:3      | 1783 ||| Stepping ~*~*~tactically~*~*~ (hiding).
  1960 | D:3      | Found an opulent altar of Gozag.
  1993 | D:3      | Noticed qw's ghost (amateur GrHs)
  2053 | D:3      | 2053 ||| UPGRADING to amulet of reflection.
  2058 | D:3      | 2058 ||| READING scroll labelled LAMMIS RATOXA.
  2059 | D:3      | 2059 ||| DRINKING 2 clear potions.
  2103 | D:4      | Reached skill level 1 in Dodging
  2115 | D:4      | Noticed a black bear
  2120 | D:4      | Killed a black bear
  2121 | D:4      | Reached XP level 7. HP: 43/43 MP: 7/7
  2136 | D:4      | 2136 ||| Stepping ~*~*~tactically~*~*~ (hiding).
  2137 | D:4      | 2137 ||| Stepping ~*~*~tactically~*~*~ (hiding).
  2148 | D:4      | Reached skill level 1 in Throwing
  2164 | D:4      | Reached skill level 6 in Axes
  2165 | D:4      | HP: 7/43 [something/magic dart (6)]
  2172 | D:4      | HP: 7/43 [something (1)]
  2176 | D:4      | HP: 2/43 [something (4)]
  2180 | D:4      | Slain by an orc wizard

Levels and vault maps discovered:
D:1:      minmay_arrival_open_corners, layout_basic,
          chequers_serial_rivers_micro_c, lexackson_kobold_supper
D:2:      layout_rooms, serial_forest, infiniplex_forest_clump_diagonal,
          infiniplex_forest_clump_small, infiniplex_forest_clump_medium,
          infiniplex_forest_clump_double, infiniplex_forest_straight_2,
          serial_shops, shop, minmay_surrounded
D:3:      layout_rooms, pdpol_temple_overflow_zin_treasury_gozag_greed,
          mainiacjoe_overflow_concentric_impassable, kiku_gazebo_pond_becter,
          gammafunk_ghost_necromancy,
          dreamdust_ecumenical_altar_angels_and_demons, hangedman_decor_growths,
          st_stairs_1, kennysheep_path_1, uniq_ijyb
D:4:      layout_cave_pools, minmay_strange_pillars, minmay_vboxes

Skill      XL: |  1  2  3  4  5  6  7 |
---------------+----------------------+-----
Axes           | 2 3 5 6 |  6.0
Fighting       | 4 |  4.3
Dodging        | 1 |  1.7
Throwing       | 1 |  1.0
Armour         | |  3.2
Shields        | |  3.2

Action                     |  1- 3 |  4- 6 |  7- 9 || total
---------------------------+-------+-------+-------++-------
  Melee: War axe           |   103 |    99 |    19 ||   221
  Throw: Boomerang         |       |    24 |       ||    24
         Javelin           |       |     9 |       ||     9
    Use: Scroll            |     5 |     4 |       ||     9
         Potion            |       |     1 |       ||     1
 Armour: Scale mail        |    35 |    47 |    27 ||   109
  Dodge: Dodged            |    38 |    51 |    12 ||   101
  Block: Buckler           |    17 |    11 |    16 ||    44
         Reflection        |       |       |     1 ||     1

Table legend:
 A = Non-vault XP
 B = Vault XP
 C = Vault XP percentage of total XP
 D = Non-vault monster count
 E = Vault monster count
 F = Vault count percentage of total count
                 A         B        C        D         E       F
            +---------+---------+-------+---------+---------+-------
      Total |     688 |      64 |   8.5 |      82 |      15 |  15.5
            +---------+---------+-------+---------+---------+-------
        D:1 |      46 |      10 |  17.9 |      26 |       8 |  23.5
        D:2 |      55 |      14 |  20.3 |      23 |       4 |  14.8
        D:3 |     208 |      40 |  16.1 |      20 |       3 |  13.0
        D:4 |     379 |       0 |   0.0 |      13 |       0 |   0.0
            +---------+---------+-------+---------+---------+-------
